AoeStats
← necros89

Arena

510266471Analyzed
3v3 RM · 2d ago on Sep 30, 2026· 47m 55s· 6 players
Game mode
Random Map
Map size
Normal (6 player)
Population
200
Speed
Normal
Resources
Standard
Victory
Conquest
Starting age
Dark Age
Ending age
Imperial Age
RankedLock teamsTeams togetherTeam positionsShared explorationLock speedFull tech treeHidden civsTurbo modeCheats
Victory
Defeat
🇺🇸 Wu · United States
1142
+15
🇩🇪 Persians · Germany
1086
+17
🇭🇰 Ethiopians · Hong Kong SAR China
1028
+19
🇹🇼 Gurjaras · Taiwan
1152
-19
🇦🇺 Huns · Australia
1101
-17
🇦🇺 Vietnamese · Australia
1069
-15
DeusMaximus263
8:16 Loom
10:04 Feudal Age
8:25 Loom
14:49 Castle Age
13:13 Double-Bit Axe
13:40 Horse Collar
15:24 Wheelbarrow
21:46 Town Watch
23:05 Bloodlines
24:05 Husbandry
24:06 Gold Mining
24:47 Bow Saw
25:05 Heavy Plow
24:59 Stone Mining
27:25 Hand Cart
27:57 Gold Shaft Mining
30:58 Imperial Age
30:40 Heavy Camel Rider
31:31 Scale Barding Armor
31:36 Forging
31:41 Masonry
32:06 Conscription
32:39 Chain Barding Armor
33:40 Iron Casting
33:21 Town Patrol
33:07 Light Cavalry
37:12 Plate Barding Armor
37:38 Blast Furnace
44:21 Hussar
47:12 Architecture
47:43 Chemistry
46:38 Fletching
47:44 Cavalier
Kilo Kaun
9:43 Loom
11:28 Feudal Age
16:52 Castle Age
15:10 Padded Archer Armor
16:01 Fletching
17:41 Bodkin Arrow
18:02 Leather Archer Armor
30:07 Double-Bit Axe
31:42 Bow Saw
31:13 Horse Collar
32:25 Forging
32:15 Scale Mail Armor
35:20 Wheelbarrow
39:40 Horse Collar
46:32 Caravan
yihua8995
11:27 Feudal Age
12:15 Double-Bit Axe
12:39 Horse Collar
15:09 Castle Age
13:22 Horse Collar
16:31 Bow Saw
16:24 Heavy Plow
18:55 Wheelbarrow
19:09 Gold Mining
19:10 Loom
25:34 Fletching
28:25 Imperial Age
26:21 Bodkin Arrow
26:28 Padded Archer Armor
27:17 Gold Shaft Mining
27:27 Hand Cart
28:09 Leather Archer Armor
28:18 Ballistics
28:05 Stone Mining
27:47 Crossbowman
28:33 Thumb Ring
28:33 Arbalester
29:19 Bracer
31:46 Chemistry
31:52 Masonry
34:24 Two-Man Saw
35:35 Conscription
36:28 Ring Archer Armor
36:59 Stone Shaft Mining
38:20 Masonry
38:16 Siege Engineers
38:22 Fortified Wall
38:23 Town Watch
hiimynameisdale
4:39 Loom
11:14 Feudal Age
15:09 Castle Age
13:32 Double-Bit Axe
16:42 Horse Collar
28:06 Imperial Age
26:38 Forging
26:43 Scale Barding Armor
27:24 Bloodlines
27:23 Husbandry
28:28 Wheelbarrow
28:06 Bow Saw
28:01 Heavy Plow
29:18 Iron Casting
29:15 Chain Barding Armor
30:32 Hand Cart
30:05 Town Watch
31:22 Two-Man Saw
31:28 Blast Furnace
31:22 Marauders
31:43 Conscription
32:19 Plate Barding Armor
31:31 Elite Tarkan
34:20 Town Patrol
軍 團 兵 2 號
9:25 Feudal Age
10:39 Loom
13:29 Castle Age
12:14 Horse Collar
14:51 Double-Bit Axe
18:03 Bow Saw
22:15 Heavy Plow
27:24 Wheelbarrow
27:14 Stone Mining
27:47 Gold Mining
31:29 Hand Cart
32:15 Scale Barding Armor
32:20 Forging
33:49 Bloodlines
39:57 Fortified Wall
41:10 Masonry
41:53 Masonry
necros89
7:09 Loom
11:10 Feudal Age
11:38 Double-Bit Axe
16:31 Castle Age
16:05 Horse Collar
17:46 Heavy Plow
18:13 Fletching
19:47 Bow Saw
24:26 Crossbowman
29:03 Imperial Age
26:34 Gold Mining
27:35 Bodkin Arrow
27:42 Padded Archer Armor
27:43 Scale Mail Armor
28:25 Ballistics
27:37 Pikeman
29:04 Forging
30:28 Wheelbarrow
30:28 Fortified Wall
31:18 Bracer
30:58 Elite Skirmisher
31:50 Imperial Skirmisher
34:12 Chemistry
33:37 Thumb Ring
33:15 Halberdier
34:22 Leather Archer Armor
36:30 Ring Archer Armor
39:11 Arbalester
41:12 Paper Money
41:25 Chain Mail Armor
42:15 Hand Cart
Connection lost

Rejoining the realm…

Still unreachable

The connection could not be restored.

Session expired

The server has moved on; the page needs a fresh start.